 Dungeon Crawl Stone Soup version 0.22-a0-422-g9628fc8 (webtiles) character file.

861 Aqweryyt the Stinger (level 8, -5/51 HPs)
             Began as an Octopode Venom Mage on May 16, 2018.
             Slain by Menkaure (15 damage)
             ... on level 7 of the Dungeon.
             The game lasted 00:41:56 (6019 turns).

Aqweryyt the Stinger (Octopode Venom Mage)          Turns: 6019, Time: 00:41:56

Health: -5/51      AC:  1    Str:  9    XL:     8   Next: 2%
Magic:  15/15      EV: 19    Int: 23    God:
Gold:   160        SH:  0    Dex: 17    Spells: 1/16 levels left

rFire    . . .     SeeInvis .     - Unarmed
rCold    . . .     Gourm    .   (no shield)
rNeg     . . .     Faith    .   (helmet restricted)
rPois    .         Spirit   .   (no amulet)
rElec    .         Reflect  .   (no ring)
rCorr    .         Harm     .   (no ring)
MR       .....                  (no ring)
Stlth    +++++.....             (no ring)
HPRegen  0.17/turn              (no ring)
MPRegen  0.14/turn              (no ring)
                                (no ring)
                                (no ring)

@: brilliant, agile, about to teleport
A: almost no armour, stealthy swim, amphibious, 8 rings, constrict 8, camouflage
1, gelatinous body 1
a: no special abilities


You were on level 7 of the Dungeon.
You were not hungry.

You visited 1 branch of the dungeon, and saw 7 of its levels.
You also visited: Ossuary.

You collected 292 gold pieces.
You spent 132 gold pieces at shops.

Inventory:

Missiles
 h - 4 javelins (quivered)
Wands
 t - a wand of random effects (37)
Scrolls
 c - a scroll of identify
 e - 2 scrolls of teleportation
 k - 2 scrolls of immolation
 l - a scroll of enchant weapon
 o - 3 scrolls of remove curse
 q - 3 scrolls of magic mapping
 r - 2 scrolls of enchant armour
Potions
 a - a potion of might
 m - 2 potions of flight
 n - a potion of agility
Comestibles
 b - 4 rations


   Skills:
 * Level 2.8 Fighting
 + Level 3.1 Dodging
 + Level 4.3 Stealth
 + Level 3.0 Unarmed Combat
 * Level 4.9 Spellcasting
 + Level 1.6 Conjurations
 + Level 2.0 Air Magic
 + Level 5.3 Poison Magic


You had one spell level left.
You knew the following spells:

 Your Spells              Type           Power        Failure   Level  Hunger
a - Sting                 Conj/Pois      ####         1%          1    None
b - Poisonous Vapours     Pois/Air       #####.       1%          2    None
c - Mephitic Cloud        Conj/Pois/Air  ####....     1%          3    ##.....
d - Olgreb's Toxic Radia  Pois           #####...     1%          4    ####...
e - Venom Bolt            Conj/Pois      #####.....   8%          5    #####..

Your spell library contained the following spells:

 Spells                   Type           Power        Failure   Level  Hunger


Dungeon Overview and Level Annotations

Branches:
Dungeon (7/15)
 Temple: D:4-7

Altars:

Shops:
D:4 *}

Annotations:
D:3 Viridian's ghost, amateur MiFi
D:4 busb's ghost, novice OpWn
D:5 busb's ghost, novice OpWn
D:7 Menkaure


Innate Abilities, Weirdness & Mutations

You cannot wear most types of armour.
You are very stealthy in the water. (Stealth+)
You are amphibious.
You can wear up to eight rings at the same time.
You can use your tentacles to constrict eight enemies at once.
Your skin changes colour to match your surroundings (Stealth+).
Your rubbery body absorbs attacks. (AC +1, EV +1)


Message History

Sorry, you're not good enough to have a special ability.
The crimson imp hits you but does no damage.
The crimson imp hits you.
* * * LOW HITPOINT WARNING * * *
The crimson imp hits you but does no damage.
The crimson imp hits you but does no damage.
The crimson imp hits you but does no damage.
The crimson imp blinks!
Menkaure hits you.
* * * LOW HITPOINT WARNING * * *
Unknown command.
You smack Menkaure!
Menkaure is heavily damaged.
You feel less wooden.
As you read the scroll of fear, it crumbles to dust.
You assume a fearsome visage.
Menkaure is unaffected.
Menkaure misses you.
As you read the scroll of teleportation, it crumbles to dust.
You feel strangely unstable. Menkaure misses you. Menkaure hits you!
You die...

*,,**,***,,,,
*,,**,,,,,,,,
*,<******,,,,
*******...,.,,,,*,*
**,,,,,,[.,.#*****,*
****,,*,,*#.##.# *,*
*,,,,###,,.....# **+*
*,,,##.##,.g...# **,,,
*,,*#.@M##.....# **,,,,
*,,,##.#5......#**,,,,,
*,*,,###.......#*,,,,,,
*,**,,#.g.......+,,,,,,
*,**#..........##,,,,,,
*,**#####...####**,,,,,
*,,,,,,..M.)# **,,,,
*******#.../# **,,,
#.#### **+#


You could see Menkaure and a crimson imp (inner flame).

Vanquished Creatures
  3 ogres
  An elf zombie (Ossuary)
  A bullfrog (D:6)
  A centaur skeleton (D:5)
  Terence (D:3)
  4 worker ants
  2 big kobold zombies (Ossuary)
  2 hound zombies (Ossuary)
  A howler monkey skeleton (D:6)
  3 mummies (Ossuary)
  2 gnolls (D:7)
  7 adders
  3 oozes
  6 adder zombies (Ossuary)
  An adder skeleton (D:3)
  4 worms
  A dart slug (D:2)
  2 leopard geckos (D:1)
  2 orcs (D:3)
  6 giant cockroaches
  2 gnoll zombies (Ossuary)
  6 goblins
  5 hobgoblins
  4 jackals (D:6)
  A quokka (D:6)
  A ball python (D:2)
  4 bats
  2 frilled lizards
  5 goblin zombies (Ossuary)
  5 hobgoblin zombies (Ossuary)
  A jackal zombie (Ossuary)
  8 kobolds
  2 kobold zombies (Ossuary)
  A leopard gecko skeleton (D:6)
  2 orc zombies (Ossuary)
  4 quokka zombies (Ossuary)
  9 rats
  4 rat zombies (Ossuary)
  A fungus (D:1)
120 creatures vanquished.

Notes
Turn   | Place    | Note
-------+----------+-------------------------------------------
     0 | D:1      | Aqweryyt the Octopode Venom Mage began the quest for the Orb.
     0 | D:1      | Reached XP level 1. HP: 11/11 MP: 3/3
   216 | D:1      | Reached skill level 4 in Poison Magic
   344 | D:1      | Reached XP level 2. HP: 17/17 MP: 1/5
   348 | D:1      | Learned a level 2 spell: Poisonous Vapours
  1354 | D:1      | Reached XP level 3. HP: 16/21 MP: 1/6
  1412 | D:2      | Reached skill level 1 in Unarmed Combat
  1805 | D:2      | Found a faded altar of an unknown god.
  1929 | D:2      | Reached XP level 4. HP: 12/27 MP: 0/7
  2370 | D:3      | Noticed an ogre
  2418 | D:3      | Noticed Terence
  2579 | D:4      | Reached XP level 5. HP: 27/32 MP: 6/9
  2587 | D:4      | Learned a level 3 spell: Mephitic Cloud
  2606 | D:4      | Found Utoskaj's General Store.
  2609 | D:4      | Bought a scroll of magic mapping for 42 gold pieces
  2609 | D:4      | Bought a scroll of blinking for 90 gold pieces
  2741 | D:4      | Found Ediorch's Gadget Boutique.
  2858 | D:4      | Noticed an ogre
  3122 | D:4      | Killed an ogre
  3122 | D:4      | Reached skill level 1 in Fighting
  3122 | D:4      | Reached skill level 1 in Air Magic
  3122 | D:4      | Reached XP level 6. HP: 38/38 MP: 0/11
  3251 | D:4      | Noticed an ice beast
  3306 | D:4      | Noticed busb's ghost (novice OpWn)
  3354 | D:5      | Entered Level 5 of the Dungeon
  3386 | D:5      | Noticed busb's ghost (novice OpWn)
  3639 | D:3      | Noticed Viridian's ghost (amateur MiFi)
  3665 | D:3      | Killed Terence
  3665 | D:3      | Reached skill level 5 in Poison Magic
  4335 | D:5      | Reached XP level 7. HP: 17/44 MP: 8/13
  4844 | D:6      | Learned a level 4 spell: Olgreb's Toxic Radiance
  4850 | D:6      | Learned a level 5 spell: Venom Bolt
  4924 | D:7      | Noticed Menkaure
  5004 | D:7      | Found a sand-covered staircase.
  5009 | Ossuary  | Entered an ossuary
  5955 | Ossuary  | Reached XP level 8. HP: 50/51 MP: 15/15
  6019 | D:7      | Slain by Menkaure

Vault maps used:
D:1:      onia_arrival_mini_maze_b, minmay_crystal_water
D:2:      chequers_ecumenical_altar_island, serial_forest,
          infiniplex_forest_pool, infiniplex_forest_lined_corner,
          infiniplex_forest_lined_2, infiniplex_forest_lined_3,
          infiniplex_forest_lined_ring, infiniplex_forest_clump_tiny
D:3:      uniq_terence
D:4:      serial_shops, kennysheep_mini, nicolae_shop_crystal
D:5:      first_ration, kennysheep_generic_room_2
D:6:      temple_pool_b, skrybe_limestone_x
D:7:      enter_ossuary_5, uniq_joseph, uniq_menkaure
Ossuary:  minmay_ossuary_two_tombs

Skill      XL: |  1  2  3  4  5  6  7 |
---------------+----------------------+-----
Poison Magic   | 4 5 |  5.3
Unarmed Combat | 1 2 3 |  3.0
Stealth        | 3 4 |  4.3
Spellcasting   | 3 4 |  4.9
Fighting       | 1 2 |  2.8
Air Magic      | 1 2 |  2.0
Dodging        | 3 |  3.1
Conjurations   | |  1.6

Action                   |  1- 3 |  4- 6 |  7- 9 || total
-------------------------+-------+-------+-------++-------
Melee: Unarmed           |    48 |    50 |   166 ||   264
       Tentacles         |    11 |    10 |    36 ||    57
       Constrict         |    11 |    12 |    41 ||    64
       Punch             |       |       |     3 ||     3
Throw: Javelin           |       |       |    18 ||    18
 Cast: Sting             |    22 |    24 |     6 ||    52
       Poisonous Vapours |    11 |    21 |    11 ||    43
       Mephitic Cloud    |       |     4 |     1 ||     5
  Use: Scroll            |       |     1 |    15 ||    16
       Potion            |       |       |    13 ||    13
 Stab: Sleeping          |     1 |     1 |     3 ||     5
  Eat: Ration            |     1 |       |     3 ||     4
       Chunk             |     1 |     8 |       ||     9
Armor: Skin              |     3 |     4 |    33 ||    40
Dodge: Dodged            |    31 |    37 |   115 ||   183

Table legend:
 A = Spawn XP
 B = Non-spawn XP
 C = Spawn XP percentage of total XP
 D = Spawn monster count
 E = Non-spawn monster count
 F = Spawn count percentage of total count
 G = Total turns spent on level
                    A         B        C        D         E        F      G
               +---------+---------+-------+---------+---------+-------+---------
         Total |       0 |    1231 |   0.0 |       0 |     119 |   0.0 |  6019
               +---------+---------+-------+---------+---------+-------+---------
           D:1 |       0 |      38 |   0.0 |       0 |      14 |   0.0 |  1373
           D:2 |       0 |      72 |   0.0 |       0 |      25 |   0.0 |  1002
           D:3 |       0 |     202 |   0.0 |       0 |      16 |   0.0 |   867
           D:4 |       0 |     220 |   0.0 |       0 |       6 |   0.0 |   961
           D:5 |       0 |     112 |   0.0 |       0 |       5 |   0.0 |   381
           D:6 |       0 |     261 |   0.0 |       0 |      12 |   0.0 |   336
           D:7 |       0 |      18 |   0.0 |       0 |       2 |   0.0 |   131
       Ossuary |       0 |     308 |   0.0 |       0 |      39 |   0.0 |   968
               +---------+---------+-------+---------+---------+-------+---------
